 Dungeon Crawl Stone Soup version 0.27-a0-1105-g946c659c87 (webtiles) character file.

Game seed: 16154745084317960754

40 Feb132020 the Stinger (level 3, 19/19 HPs)
             Began as a Deep Elf Venom Mage on Apr 30, 2021.
             Was a Follower of Jiyva.
             Quit the game on level 1 of the Dungeon.
             The game lasted 00:06:03 (883 turns).

Feb132020 the Stinger (Deep Elf Venom Mage)          Turns: 883, Time: 00:06:04

Health: 19/19      AC:  2    Str:  5    XL:     3   Next: 30%
Magic:  8/10       EV: 13    Int: 19    God:    Jiyva [*.....]
Gold:   37         SH:  0    Dex: 16    Spells: 3/9 levels left

rFire    . . .     SeeInvis .   b - +1 short sword
rCold    . . .     Faith    .   (no shield)
rNeg     . . .     Spirit   .   a - +0 robe
rPois    .         Reflect  .   (no helmet)
rElec    .         Harm     .   (no cloak)
rCorr    .         Rampage  .   (no gloves)
Will     .....                  (no boots)
Stlth    ++........             (no amulet)
HPRegen  0.06/turn              (no ring)
MPRegen  0.12/turn              (no ring)

@: no status effects
A: no striking features
a: Renounce Religion, Request Jelly


You were on level 1 of the Dungeon.
You worshipped Jiyva.
Jiyva was aware of your devotion.
You visited 1 branch of the dungeon, and saw 1 of its levels.

You collected 37 gold pieces.

Inventory:

Hand Weapons
 b - a +1 short sword (weapon)
Armour
 a - a +0 robe (worn)
Scrolls
 c - a scroll of enchant weapon
 d - 2 scrolls of teleportation {unknown}
Potions
 e - 2 potions of lignification {unknown}


   Skills:
 + Level 2.7 Dodging
 + Level 2.5 Stealth
 + Level 3.6 Spellcasting
 + Level 1.4 Transmutations
 + Level 0.2 Air Magic
 + Level 4.1 Poison Magic


You had 3 spell levels left.
You knew the following spells:

 Your Spells              Type           Power      Damage    Failure   Level
a - Sting                 Tmut/Pois      56%        1d5       4%          1
b - Poisonous Vapours     Pois/Air       22%        N/A       9%          2
c - Mephitic Cloud        Conj/Pois/Air  9%         N/A       24%         3

Your spell library contained the following spells:

 Spells                   Type           Power      Damage    Failure   Level
 Ignite Poison            Fire/Tmut/Pois 10%        N/A       21%         3
 Olgreb's Toxic Radiance  Pois           19%        N/A       26%         4


Dungeon Overview and Level Annotations

Branches:
Dungeon (1/15)

Altars:
Jiyva


Message History

Press: ? - help, Dir - move target, f - hobgoblin
Aim: a hobgoblin (asleep) Poisonous vapours surround the hobgoblin!
The hobgoblin is engulfed in poison gas.
The hobgoblin is poisoned.
You kill the hobgoblin!
d - 2 scrolls labelled JINYMNAIDI (gained 1)
A rat comes into view.
You see here a hobgoblin corpse.
The helpless rat fails to defend itself.
You puncture the rat!
You kill the rat!
You open the door.
There is an open door here.
A frilled lizard comes into view.
The helpless frilled lizard fails to defend itself.
You puncture the frilled lizard!
You kill the frilled lizard!
You see here a frilled lizard corpse.
Found a faded altar of an unknown god.
A hobgoblin comes into view.
Unknown command.
Unknown command.
Unknown command.
Unknown command.
Casting: Poisonous Vapours (safe; 9% risk of failure)
Confirm with . or Enter, or press ? or * to list all spells.
Aiming: Poisonous Vapours (safe; 9% risk of failure)
Press: ? - help, Dir - move target, f - hobgoblin
Aim: a hobgoblin (asleep) Poisonous vapours surround the hobgoblin!
The hobgoblin is engulfed in poison gas.
The hobgoblin is poisoned.
You kill the hobgoblin!
There is a faded altar of an unknown god here.
You cannot tell which god this altar belongs to.
Convert to them anyway?
Jiyva accepts your prayer! Jiyva welcomes you! Jiyva grants you a jelly!
You can now request a jelly.
Are you sure you want to abandon this character and quit the game? (Confirm with "yes".)

.#.........(..# #.#
.#..........### #.#
.#.#........## #.#
.#.##..†.....# #.#
.#.##.#.###.## #.#
.#.##.#.....# #.#
.#.##.#.#########.######
.#.##..................#
.#.####.#######.@J.#####
.#.##(....#####...$#
†..............⌠...#
........#....#.#.#.#
.#....####.#.#.#.#.#
......####.# #.#.#.#
.........# # #.#.#.#
.##...##.# #.#
.##..###.#


You could see a neutral jelly (wandering) (fellow slime).

Vanquished Creatures
  3 dart slugs (D:1)
  3 ball pythons (D:1)
  An endoplasm (D:1)
  2 giant cockroaches (D:1)
  A goblin (D:1)
  3 hobgoblins (D:1)
  4 jackals (D:1)
  5 kobolds (D:1)
  2 quokkas (D:1)
  A bat (D:1)
  2 frilled lizards (D:1)
  5 rats (D:1)
32 creatures vanquished.

Vanquished Creatures (others)
  5 plants (D:1)
5 creatures vanquished.

Grand Total: 37 creatures vanquished

Notes
Turn   | Place    | Note
-------+----------+-------------------------------------------
     0 | D:1      | Feb132020 the Deep Elf Venom Mage began the quest for the
                  | Orb.
     0 | D:1      | Reached XP level 1. HP: 10/10 MP: 6/6
   145 | D:1      | Reached XP level 2. HP: 15/15 MP: 5/8
   149 | D:1      | Learned a level 2 spell: Poisonous Vapours
   447 | D:1      | Reached skill level 4 in Poison Magic
   515 | D:1      | Reached XP level 3. HP: 19/19 MP: 0/9
   519 | D:1      | Learned a level 3 spell: Mephitic Cloud
   873 | D:1      | Found a faded altar of an unknown god.
   882 | D:1      | Became a worshipper of Jiyva Joyxyc the Shapeless
   882 | D:1      | Reached * piety under Jiyva
   883 | D:1      | Quit the game

Illustrated notes

Levels and vault maps discovered:
D:1:      dpeg_arrival_tiny_k, layout_basic, ebering_ecumenical_altar_abandoned,
          serial_bayou_pond_a, minmay_cut_off

Skill      XL: |  1  2 |
---------------+-------+-----
Poison Magic   | 4 |  4.1
Dodging        | |  2.7
Stealth        | |  2.5
Spellcasting   | |  3.6
Transmutations | |  1.4
Air Magic      | |  0.2

Action                   || total
-------------------------++-------
Melee: Short sword       ||     7
 Cast: Sting             ||    21
       Poisonous Vapours ||    18
  Use: Scroll            ||     1
 Stab: Sleeping          ||     2
Armor: Robe              ||     1
Dodge: Dodged            ||     6

Table legend: (Time is in decaauts)
 A = Elapsed time spent in this place.
 B = Non-inter-level travel time spent in this place.
 C = Inter-level travel time spent in this place.
 D = Time resting spent in this place.
 E = Time spent auto-exploring this place.
 F = Levels seen in this place.
 G = Mean time per level.
                   A        B        C        D        E       F      G
               +--------+--------+--------+--------+--------+-----+--------+
         Total |    883 |    881 |      2 |     36 |    669 |   1 |  883.0 |
       Dungeon |    883 |    881 |      2 |     36 |    669 |   1 |  883.0 |
               +--------+--------+--------+--------+--------+-----+--------+

Top non-repeatable levels by time:
     D:1: 883 daAuts
